[Event "CIS Master Groups 2024"]
[Site "Vasto"]
[Date "2024.04.10"]
[Round "4.14"]
[White "Cereda, Loris"]
[Black "Rombaldoni, Denis"]
[Result "1/2-1/2"]
[ECO "B06"]
[WhiteElo "2322"]
[BlackElo "2484"]
[Annotator "TA"]
[PlyCount "73"]
[EventDate "2024.04.07"]
[EventType "team-tourn"]
[EventCountry "ITA"]
[SourceTitle "playchess.com"]
[Source "ChessBase"]
[SourceQuality "1"]
[TimeControl "40/5400+30:900+30"]

1. e4 d6 2. d4 g6 3. Nc3 Bg7 4. Be3 a6 5. f4 b5 6. Be2 Bb7 7. Bf3 Nd7 8. e5 Qc8 {[%emt 0:02:26] White has an edge.} 9. Bxb7 Qxb7 10. Qf3 Rb8 11. Qxb7 Rxb7 12. Nf3 Nb6 13. O-O-O Nh6 14. Bd2 b4 15. Ne4 Nc4 16. Rhe1 O-O 17. b3 Nxd2 18. Rxd2 f6 19. exf6 exf6 20. Rde2 Kf7 21. Ned2 Ng8 {[%emt 0:01:51] Prevents Re7+} 22. g4 (22. Nc4 {with more complications.} Rb5 23. Kb2 g5 24. a4) 22... Rbb8 (22... Bh6 {is more complex.} 23. g5 Bg7 24. Nf1 Rb5) 23. Ne4 h6 {[%emt 0:02:17] Prevents Neg5+} (23... Rfe8 $11) 24. Nh4 $16 {[%emt 0:57:42] White has more active pieces.} Rfe8 25. f5 $36 {[%emt 0:00:00][%mdl 2048] White is in control.} g5 (25... gxf5 $16 26. Nxf5 Bf8) 26. Ng6 $18 h5 27. gxh5 Nh6 28. Ng3 {[%emt 0:00:00] Excellent horsemanship.} Rxe2 29. Rxe2 Bf8 {[%emt 0:00:14] Repels Re7+} 30. d5 Rb5 31. Nxf8 Kxf8 {[%emt 0:00:01][%mdl 4096] Endgame. KRN-KRN} 32. Re6 Kg7 {[%emt 0:03:28] [#]} 33. Ne4 $1 Ng8 34. Re8 {[%emt 0:00:00] Hoping for Rc8.} Kf7 (34... Rxd5 $2 35. Rxg8+ Kxg8 36. Nxf6+ Kf8 37. Nxd5 $18) 35. Re6 (35. Rc8 $18 {is more deadly.} Rxd5 36. Rxc7+ Kf8 37. Rc8+ Kf7 38. Rxg8) 35... Kg7 $1 $16 (35... Rxd5 36. h6 Rxf5 37. h7 $18) 36. Re8 (36. c4 $16 bxc3 37. Re8 (37. Nxc3 Rb4 $14)) 36... Kf7 $1 $18 (36... Rxd5 $2 {perishes.} 37. Rxg8+ Kxg8 38. Nxf6+ Kg7 39. Nxd5 $18) 37. Re6 $2 {[%emt 0:00:00] Weighted Error Value: White=0.16 (very precise) /Black=0.12 (very precise) .  Missed win:     	White=1     	---        Mistake:       	White=2     	Black=2      Inaccurate:     	White=1     	---        OK:         	White=14    	Black=9      Best:        	White=3     	Black=2      Strong:       	White=1     	Black=2} ({Only move:} 37. Rc8 $18 Rxd5 38. Rxc7+ Kf8 39. Rc8+ Kf7 40. Rxg8) 1/2-1/2

[Event "CIS Master Groups 2024"]
[Site "Vasto"]
[Date "2024.04.10"]
[Round "4.15"]
[White "Garcia Palermo, Carlos Horacio"]
[Black "Sedina, Elena"]
[Result "1-0"]
[ECO "A20"]
[WhiteElo "2407"]
[BlackElo "2190"]
[Annotator "TA"]
[PlyCount "87"]
[EventDate "2024.04.07"]
[EventType "team-tourn"]
[EventCountry "ITA"]
[SourceTitle "playchess.com"]
[Source "ChessBase"]
[SourceQuality "1"]
[TimeControl "40/5400+30:900+30"]

1. c4 e5 2. d3 Bb4+ 3. Nd2 c5 4. Ngf3 Nc6 5. g3 Nf6 6. Bg2 d5 7. cxd5 Nxd5 8. O-O {[%emt 0:00:29] White is slightly better.} Bxd2 9. Qxd2 (9. Bxd2 $11 O-O 10. Qb3) 9... O-O $15 10. b3 b6 11. Bb2 f6 12. e3 Bg4 13. h3 Be6 14. Rfd1 Qd7 15. Kh2 Rad8 16. Qe2 Rfe8 17. Rab1 Qf7 18. Ba1 h6 (18... Nde7 {simplifies} 19. Ne1 Bd5 20. Bxd5 Nxd5 21. a3 Rd7) 19. a3 Qh5 20. e4 Nde7 21. b4 Bg4 (21... Qf7 $11 {keeps the balance.}) 22. bxc5 $16 bxc5 23. Rdc1 Nd4 24. Bxd4 exd4 {[%emt 0:00:35] [#]} (24... cxd4 $16 25. Qa2+ Kf8) 25. Qa2+ $1 $18 Kh8 26. Nh4 Be2 27. Qd2 g5 28. Rxc5 Qf7 29. Qxe2 gxh4 30. Rb7 Qg6 $2 {[%emt 0:00:57] [#] Black is weak on the light squares} (30... Rb8) 31. Rcc7 {[%emt 0:17:51] White is clearly winning.} hxg3+ 32. fxg3 Nd5 33. Rh7+ Qxh7 34. Rxh7+ Kxh7 35. Qh5 Ne3 36. Qf7+ Kh8 37. Qxf6+ Kh7 38. e5 Nxg2 39. Qf7+ Kh8 40. Kxg2 Rf8 41. Qg6 Rb8 42. Qxh6+ Kg8 43. Qg5+ Kh8 44. Qh4+ {[%emt 0:00:00] Weighted Error Value: White=0.12 (very precise) /Black=0.34.  Mistake:       	White=1     	Black=3      Inaccurate:     	White=1     	Black=5      OK:         	White=11    	Black=11     Best:        	White=4     	---        Strong:       	White=1     	---} 1-0

[Event "CIS Master Groups 2024"]
[Site "Vasto"]
[Date "2024.04.10"]
[Round "4.16"]
[White "Di Trapani, Davide"]
[Black "Loiacono, Antonio"]
[Result "1/2-1/2"]
[ECO "B01"]
[WhiteElo "2161"]
[BlackElo "2292"]
[Annotator "TA"]
[PlyCount "88"]
[EventDate "2024.04.07"]
[EventType "team-tourn"]
[EventCountry "ITA"]
[SourceTitle "playchess.com"]
[Source "ChessBase"]
[SourceQuality "1"]
[TimeControl "40/5400+30:900+30"]

1. e4 d5 2. exd5 Qxd5 3. Nc3 Qd8 4. d4 Nf6 5. Be3 e6 6. Qd3 b6 7. O-O-O Ba6 8. Qd2 Bxf1 9. Rxf1 Nc6 10. Nge2 Qd7 11. Nf4 (11. a3 $11) 11... O-O-O 12. Qe2 (12. Nd3 $11) 12... Kb7 ({Black should try} 12... Nxd4 $17 13. Qa6+ Kb8) 13. Rd1 Nd5 (13... Be7 {is more complex.} 14. d5 exd5 15. Nfxd5 Nxd5 16. Nxd5 Qe6) 14. Ncxd5 exd5 15. Nd3 f6 16. Qf3 Ne7 17. g4 c6 18. h3 Re8 19. Bf4 Ng6 20. Bg3 Re4 21. c3 (21. Rhe1 $11 Rxd4 22. c3) 21... Bd6 ({Better is} 21... h5 $1 $15) 22. Qf5 Qxf5 23. gxf5 Nf4 24. Nxf4 Bxf4+ 25. Bxf4 Rxf4 $11 {[%emt 0:00:04][%mdl 4096] Endgame. KRR-KRR} 26. Rde1 Rxf5 27. Re7+ Ka6 28. Rhe1 Rxf2 29. Rxg7 Rh2 (29... f5 $11) 30. Ree7 {[%emt 0:09:16] White is more active.} ({White should play} 30. a4 $1 $14) 30... Ra8 ({Much weaker is} 30... Rxh3 $6 31. Rxa7+ Kb5 32. Kc2 Rh2+ 33. Kb3 $16) (30... Kb5 $11 31. Rxa7 Kc4) 31. Rxh7 (31. a4 $1 $14) 31... Rg8 {[%emt 0:00:25] [#] ( -> ...Rg1+). The position is equal.} 32. Rxa7+ Kb5 33. Rag7 Rxg7 34. Rxg7 Rxh3 {[%emt 0:00:06] KR-KR} (34... Kc4 $5) 35. Kc2 c5 36. dxc5 bxc5 37. Rb7+ Kc6 38. Rf7 Rf3 39. a4 c4 40. Kd2 Rf2+ 41. Kc1 Kb6 42. Rd7 Kc6 43. Rf7 Kb6 44. Rd7 Kc6 {[%emt 0:00:03] Weighted Error Value: White=0.17 (very precise) /Black=0.17 (very precise) .  Mistake:       	White=5     	Black=4      Inaccurate:     	White=2     	Black=2      OK:         	White=16    	Black=12     Best:        	White=1     	---} 1/2-1/2

[Event "CIS Master Groups 2024"]
[Site "Vasto"]
[Date "2024.04.10"]
[Round "4.17"]
[White "Zwirs, Nico"]
[Black "Ceres, Dragos"]
[Result "1/2-1/2"]
[ECO "C54"]
[WhiteElo "2480"]
[BlackElo "2486"]
[Annotator "TA"]
[PlyCount "43"]
[EventDate "2024.04.07"]
[EventType "team-tourn"]
[EventCountry "ITA"]
[SourceTitle "playchess.com"]
[Source "ChessBase"]
[SourceQuality "1"]
[TimeControl "40/5400+30:900+30"]

1. e4 e5 2. Nf3 Nc6 3. Bc4 Nf6 4. d3 h6 5. O-O Bc5 6. c3 d6 7. Re1 O-O 8. h3 a6 9. Bb3 Be6 10. Bxe6 fxe6 11. d4 Bb6 12. Be3 exd4 13. cxd4 (13. Nxd4 $11 {keeps the balance.} Nxd4 (13... Nxe4 $2 {loses.} 14. Nxc6 Qh4 15. Bxb6 $18) 14. Bxd4) 13... d5 (13... Nxe4 $17 14. Nc3 d5) 14. e5 $11 {[%emt 0:00:07] The position is equal.} Ne4 15. Nc3 Ba5 16. Rc1 Bxc3 17. bxc3 Na5 18. Nh2 Qh4 {[%emt 0:13:40][%cal Rf8f2] [#] Strongly threatening ...Rxf2.} 19. Qg4 Qxg4 20. hxg4 Nc4 21. f3 Nxe3 22. fxe4 {[%emt 0:00:54] Weighted Error Value: White=0.13 (very precise) /Black=0.10 (very precise) .  Mistake:       	White=1     	Black=1      Inaccurate:     	White=1     	---        OK:         	White=6     	Black=8} 1/2-1/2

[Event "CIS Master Groups 2024"]
[Site "Vasto"]
[Date "2024.04.10"]
[Round "4.18"]
[White "Bettalli, Francesco"]
[Black "Loiacono, Leonardo"]
[Result "1/2-1/2"]
[ECO "C14"]
[WhiteElo "2309"]
[BlackElo "2309"]
[Annotator "TA"]
[PlyCount "102"]
[EventDate "2024.04.07"]
[EventType "team-tourn"]
[EventCountry "ITA"]
[SourceTitle "playchess.com"]
[Source "ChessBase"]
[SourceQuality "1"]
[TimeControl "40/5400+30:900+30"]

1. e4 e6 2. d4 d5 3. Nc3 Nf6 4. Bg5 Be7 5. e5 Nfd7 6. h4 h6 7. Bxe7 Qxe7 8. f4 a6 {[%emt 0:01:28] C14: French: Classical System: 4 Bg5 Be7 main line.} 9. g4 c5 10. Nf3 Nc6 11. Qd2 b5 12. O-O-O b4 13. Ne2 a5 14. f5 $146 ({Predecessor:} 14. dxc5 Nxc5 15. Ned4 Nxd4 16. Nxd4 Ba6 17. Bg2 Qc7 18. Rh3 Rb8 19. f5 Rb6 20. g5 hxg5 21. Qxg5 Qxe5 {1-0 Bettalli,F (2260)-Bin Suhayl,I (2238) ITA-ch U20 82nd 2023 (1)}) 14... Nb6 15. Qf4 c4 $1 16. f6 gxf6 (16... Qf8 $1 $11) 17. exf6 $16 Qb7 18. Ng3 ({White should try} 18. g5 $14 b3 19. cxb3 (19. axb3 hxg5 20. Nxg5 cxb3 $18)) 18... Qb8 (18... a4 $11) 19. Qxb8 $1 $14 (19. Ne5 Nd7 20. Bg2 a4 $11) 19... Rxb8 20. Nh5 Kd7 21. Nf4 Kd6 22. Bg2 Bd7 23. g5 Rbg8 (23... hxg5 {simplifies} 24. hxg5 Rxh1 25. Rxh1 e5) 24. Bh3 hxg5 25. hxg5 e5 26. dxe5+ Nxe5 27. Nxd5 Nxd5 28. Nxe5 Rxh3 (28... Kxe5 $11 29. Rhe1+ Kd6 30. Bxd7 Rxg5) 29. Nxf7+ $16 Kc5 {[%emt 0:00:40] [#]} 30. Ne5 $1 Rxh1 31. Nxd7+ Kc6 32. f7 $2 (32. Ne5+ Kd6 33. Nxc4+ (33. Rxh1 Kxe5 34. f7 Rf8 $15) 33... Kc5 34. Rxh1 Kxc4 $11) ({White should play} 32. Rxh1 $18 Kxd7 33. f7) 32... Rgh8 $1 $11 (32... Rxg5 $2 33. Rxh1 (33. f8=R $2 Rxd1+ 34. Kxd1 Kxd7 $19) 33... Rf5 34. f8=Q $18 (34. f8=R Rg5 $18)) (32... Rxd1+ 33. Kxd1 Rd8 34. f8=Q (34. f8=B $2 Nf4 $19) 34... Rxf8 35. Nxf8 $14) 33. f8=Q Rxf8 (33... Rxd1+ {simplifies} 34. Kxd1 Rxf8 35. Nxf8 Kd6) 34. Nxf8 (34. Rxh1 $2 Kxd7 35. g6 Ke6 $19) 34... Rh8 (34... Rh2 $11) 35. Nd7 (35. Ne6 $5 Ne7 36. Nd8+ Kc5 37. Re1 $16) 35... Ne3 (35... Rh2 $11 {keeps the balance.}) 36. Ne5+ $16 Kc5 37. Re1 Ng2 38. Rg1 Nf4 39. Rf1 Ne6 (39... c3 $14) 40. g6 $16 Rg8 (40... c3 $16 {might work better.} 41. Rd1 Rh4) 41. Rf5 (41. Rf6 $18 {aiming for Nxc4.} Ng7 42. Ra6) 41... c3 $16 42. Nf3+ Kd6 {[%emt 0:00:43] [#]} 43. bxc3 $1 Rxg6 44. Rxa5 bxc3 45. Ra3 Nf4 46. Ra6+ (46. Rxc3 $2 {too greedy.} Ne2+ 47. Kd2 Nxc3 $19) (46. Kb1 $16) 46... Kc5 $11 47. Rxg6 Nxg6 48. Ne1 Kb4 49. Nd3+ Ka3 50. Kb1 Ne7 51. Nf4 Kb4 1/2-1/2

[Event "CIS Master Groups 2024"]
[Site "Vasto"]
[Date "2024.04.10"]
[Round "4.19"]
[White "Damia, Angelo"]
[Black "Pescatore, Lorenzo"]
[Result "0-1"]
[ECO "B38"]
[WhiteElo "2234"]
[BlackElo "2358"]
[Annotator "TA"]
[PlyCount "92"]
[EventDate "2024.04.07"]
[EventType "team-tourn"]
[EventCountry "ITA"]
[SourceTitle "playchess.com"]
[Source "ChessBase"]
[SourceQuality "1"]
[TimeControl "40/5400+30:900+30"]

1. e4 c5 2. Nf3 Nc6 3. d4 cxd4 4. Nxd4 g6 5. c4 Bg7 6. Be3 Nf6 7. Nc3 O-O 8. Be2 d6 9. f3 Nxd4 10. Bxd4 Be6 11. Qd2 Qa5 12. Rc1 Rfc8 13. b3 a6 14. Na4 {[%emt 0:03:18] The position is equal.} (14. Be3 {simplifies} b5 15. Nd5 Qxd2+ 16. Kxd2 Nxd5 17. cxd5 Bd7 18. g4) 14... Qxd2+ 15. Kxd2 {[%emt 0:00:04] [#]} Nxe4+ $1 16. Ke3 $1 {[%emt 0:00:04] Bxg7 is the strong threat.} Bh6+ 17. f4 $1 (17. Kxe4 Bf5+ (17... d5+ 18. Kd3 $16) 18. Kd5 e6+ 19. Kxd6 Rc6+ 20. Ke5 f6+ (20... Bg7+ 21. Kf4 $17) 21. Kxf6 Rf8+ 22. Ke7 Bg5+) 17... f5 {[%emt 0:00:46] ...Bf7 would now be deadly.} 18. Nb6 {[%emt 0:04:49][%csl LRa8,LRc8][%cal Oe2f3] [#]} Bf7 $1 {[%emt 0:00:07][%cal Oe7e5] aiming for ...e5!} 19. Kf3 {[%emt 0:11:46] [#]} (19. Kd3 Bxf4) 19... e5 $1 {[%emt 0:08:18] Against g3} 20. Nxc8 (20. fxe5 dxe5) 20... Rxc8 (20... exd4 {is interesting.} 21. Nb6 Re8 22. g3 Nc3) 21. fxe5 Nd2+ 22. Kf2 $1 {[%emt 0:03:50] Strongly threatening Bd3.} Ne4+ 23. Kf3 Nd2+ 24. Kf2 $1 dxe5 25. Be3 $1 Ne4+ 26. Kf3 g5 27. g4 ({White should play} 27. Bd3 $11 Nd6 (27... Bh5+ 28. g4 $11) 28. c5 e4+ 29. Kf2) 27... Nf6 $1 $15 {[%emt 0:00:18][%mdl 1024] Black has compensation.} 28. h4 {[%emt 0:05:19] [#]} (28. gxf5 $2 {perishes.} g4+ 29. Kf2 Ne4+ 30. Kg2 Bxe3 $19) (28. Bd2 $15) 28... f4 $1 $19 29. Ba7 ({Avoid the trap} 29. hxg5 $2 Bxg5 30. Bf2 e4+ 31. Kg2 f3+ 32. Bxf3 exf3+ (32... Bxc1 $2 33. Rxc1 exf3+ 34. Kxf3 $19) 33. Kxf3 Bd5+ (33... Bxc1 $2 34. Rxc1 Bd5+ 35. Kf4 $19) 34. cxd5 Rxc1 $19 (34... Bxc1 $2 35. Bd4 $19)) 29... e4+ 30. Kf2 f3 31. Bxf3 exf3 32. Kxf3 gxh4 {[%emt 0:00:55][%cal Of7d5] And now ...Bd5+! would win.} 33. g5 $2 {[%emt 0:00:01][%mdl 8192] White does not recover from this.} (33. Be3 $17 {nothing else works.} Bxe3 34. Kxe3) 33... Bxg5 34. Rcg1 Bh5+ 35. Kf2 Ne4+ 36. Kg2 Bg4 {[%emt 0:01:30] Hoping for ...Rd8.} 37. Re1 h3+ 38. Rxh3 Bxh3+ 39. Kxh3 Re8 40. b4 h6 41. a4 Bd2 42. Rg1+ Ng5+ 43. Kg4 Be3 44. Re1 $2 (44. Bxe3 Rxe3 45. Kf5) 44... Re4+ 45. Kf5 Bxa7 46. Re3 Bxe3 {[%emt 0:00:13] Weighted Error Value: White=0.31/Black=0.09 (flawless) .  Loses game:     	White=1     	---        Mistake:       	White=2     	---        Inaccurate:     	White=2     	Black=3      OK:         	White=5     	Black=15     Best:        	White=6     	Black=2      Strong:       	White=5     	Black=2} 0-1

[Event "CIS Master Groups 2024"]
[Site "Vasto"]
[Date "2024.04.10"]
[Round "4.20"]
[White "Petcu, Gabriel"]
[Black "Calavalle, Giulio"]
[Result "1-0"]
[ECO "D46"]
[WhiteElo "1968"]
[BlackElo "2152"]
[Annotator "TA"]
[PlyCount "53"]
[EventDate "2024.04.07"]
[EventType "team-tourn"]
[EventCountry "ITA"]
[SourceTitle "playchess.com"]
[Source "ChessBase"]
[SourceQuality "1"]
[TimeControl "40/5400+30:900+30"]

1. d4 Nf6 2. c4 e6 3. Nf3 d5 4. Nc3 c6 5. e3 Nbd7 6. Bd3 Bd6 7. O-O O-O 8. Re1 Re8 (8... dxc4 $11 9. Bxc4 e5) 9. e4 $16 dxc4 10. Bxc4 e5 11. Bg5 (11. Ng5 $14 Re7 12. f4) 11... h6 12. Bh4 Qe7 13. Bg3 g6 14. Qb3 {[%emt 0:04:24] Strongly threatening dxe5.} Kg7 15. Rad1 Bb8 16. a4 exd4 (16... Ng4 $14) 17. e5 $1 {[%emt 0:02:02] White is much more active.} (17. Nxd4 Bxg3 (17... Nc5 18. Qc2 $16) 18. hxg3 Ne5 $11) (17. Rxd4 $6 Ne5 $11) 17... Nh5 {[%emt 0:03:08] [#] White must now prevent ...Nc5.} 18. e6 $1 fxe6 (18... Nc5 $16 {was worth a try.} 19. exf7 Qxf7 (19... Qxe1+ $2 20. Nxe1 Rf8 21. Qa3 $18)) 19. Rxe6 $18 (19. Nxd4 Nc5 20. Qc2 Nxg3 21. fxg3 e5 $11) 19... Qf8 {[%emt 0:00:35] ...Rxe6 is the strong threat.} 20. Nxd4 {[%emt 0:01:15] Threatens to win with Bxb8.} (20. Rxd4 $2 Rxe6 21. Rxd7+ (21. Bxe6 $2 Nc5 $19) 21... Re7 (21... Bxd7 $2 22. Bxe6 Qc8 23. Bc4 $17) 22. Rxe7+ Qxe7 $19) 20... Nc5 21. Rxe8 Qxe8 {[%emt 0:00:10] [#]} 22. Qc2 ({White should play} 22. Qa3 $1 $18 Nxg3 23. hxg3 (23. Qxc5 Nf5 $16)) 22... Nxg3 23. hxg3 {[%emt 0:00:13] And now b4 would win.} ({Not} 23. fxg3 Qe3+ 24. Qf2 Qxf2+ 25. Kxf2 a5 $17) 23... Bg4 24. Nce2 {[%emt 0:02:35] A dynamic duo of knights.} ({White should try} 24. Be2 $18 Bc8 25. b4) 24... Bc7 $2 ({Better is} 24... a5 $1 $14) 25. b4 Ne6 26. Qe4 Nxd4 $2 (26... Nf4 27. Qxe8 Rxe8 28. gxf4 Bxf4) 27. Qxd4+ {[%emt 0:00:00] Weighted Error Value: White=0.24 (precise) /Black=0.62.  Loses game:     	---       	Black=1      Mistake:       	White=3     	Black=3      Inaccurate:     	White=1     	Black=1      OK:         	White=5     	Black=4      Best:        	White=2     	---        Strong:       	White=2     	---} 1-0

[Event "CIS Master Groups 2024"]
[Site "Vasto"]
[Date "2024.04.10"]
[Round "4.21"]
[White "Jianu, Vlad-Cristian"]
[Black "Favaloro, Andrea"]
[Result "1/2-1/2"]
[ECO "D77"]
[WhiteElo "2491"]
[BlackElo "2412"]
[Annotator "TA"]
[PlyCount "22"]
[EventDate "2024.04.07"]
[EventType "team-tourn"]
[EventCountry "ITA"]
[SourceTitle "playchess.com"]
[Source "ChessBase"]
[SourceQuality "1"]
[TimeControl "40/5400+30:900+30"]

1. d4 d5 2. Nf3 Nf6 3. g3 g6 4. Bg2 Bg7 5. O-O O-O 6. c4 dxc4 7. Na3 c5 8. Nxc4 Be6 {[%emt 0:00:23] The position is equal.} 9. Nce5 cxd4 10. Qxd4 Qxd4 11. Nxd4 Bd5 {[%emt 0:00:04] A rather calm draw.   Weighted Error Value: White=0.05 (flawless) /Black=0.00 (flawless) .  OK:         	---       	Black=1      Best:        	---       	Black=1} 1/2-1/2

[Event "CIS Master Groups 2024"]
[Site "Vasto"]
[Date "2024.04.10"]
[Round "4.22"]
[White "Iturrizaga Bonelli, Eduardo"]
[Black "Yao, Stefano"]
[Result "1/2-1/2"]
[ECO "E05"]
[WhiteElo "2589"]
[BlackElo "2289"]
[Annotator "TA"]
[PlyCount "90"]
[EventDate "2024.04.07"]
[EventType "team-tourn"]
[EventCountry "ITA"]
[SourceTitle "playchess.com"]
[Source "ChessBase"]
[SourceQuality "1"]
[TimeControl "40/5400+30:900+30"]

1. d4 d5 2. c4 e6 3. Nc3 Nf6 4. Nf3 Be7 5. g3 dxc4 6. Bg2 Nc6 7. O-O O-O 8. e3 Rb8 {[%emt 0:13:36] 8...Bd6 is not played anymore.} 9. Qe2 b5 10. Rd1 Bd7 {[%emt 0:06:28] E05: Open Catalan: 5 Nf3 Be7.} 11. e4 b4 12. Na4 $146 ({Predecessor:} 12. d5 Na5 13. dxe6 fxe6 14. e5 Ng4 15. Ne4 Qe8 16. h3 Nh6 17. Bxh6 gxh6 {1-0 Pulvett Marin,D (2464)-Fernandez Blazquez,D (2248) Madrid-chT 1819 2018 (14.1)}) 12... Qc8 ({Black should play} 12... Qe8 $15 13. Bf4 (13. Qxc4 $17)) 13. Bg5 $11 h6 14. Bxf6 gxf6 15. Qe3 Kg7 (15... e5 $5 16. Qxh6 Rd8 $11) 16. b3 (16. d5 $11 {remains equal.}) 16... c3 $17 17. Bf1 a5 18. e5 f5 $1 19. h4 Nd8 20. Nc5 Bxc5 21. dxc5 Nc6 22. Kh2 Ne7 (22... Qe8 $142 23. Bd3 Ne7) 23. Bc4 ({Better is} 23. Nd4) 23... Bc6 24. Nd4 {[%emt 0:01:11] [#]} Bd5 $1 25. Bd3 Rh8 26. h5 (26. g4 $17 fxg4 27. Qf4) 26... c6 $2 (26... Qd8 $19 {Hoping for ...Rg8.} 27. Bc2 Rg8) 27. g4 $1 $11 fxg4 28. Rg1 Kf8 29. Rxg4 Ke8 30. a3 (30. Rag1 $11) 30... Qc7 $17 31. axb4 axb4 ({Black should try} 31... Rxb4 $17 32. Rag1 Bxb3 33. Nxb3 Rxb3) 32. Rg7 $11 Kd7 $2 (32... Qd8 $11) 33. Rxf7 $18 Rbf8 34. Rxf8 (34. Rg7 Rhg8 35. Rg3 Ra8 (35... Rxg3 36. fxg3 Qb7 37. Kh3 $16) 36. Rxa8 Rxa8 $11) 34... Rxf8 35. f4 $2 (35. Kh3 $18) 35... Rg8 $11 36. Be4 Qb7 $2 (36... Qd8 $11 {and Black is okay.} 37. Bxd5 Nxd5) 37. f5 $18 Rg5 38. fxe6+ Kc7 $2 (38... Bxe6 39. Qd3 Bd5 (39... Rxh5+ 40. Kg2 $16) 40. Bxd5 (40. Qh3+ Ke8 $11) 40... cxd5 (40... Rxh5+ $2 41. Kg1 $18) 41. c6+ Nxc6 42. Nxc6 (42. Qh3+ Kc7 $16) 42... Ke8 (42... Qxc6 $2 43. Ra6 $18) (42... Rxh5+ $2 43. Kg3 $18) 43. Qxd5 Rxh5+ 44. Kg2 Qg7+ 45. Kf1 Qf6+ 46. Ke2 (46. exf6 Rxd5 47. Nxb4 Rb5 $18) 46... Rh2+ 47. Kd3 Rd2+ 48. Kc4 Rxd5 49. exf6 Rd6 50. Nxb4 Rxf6 51. Kxc3 h5) 39. Bf3 $2 (39. Bxd5 $18 Rxh5+ 40. Kg2 Rg5+ 41. Kf2) 39... Qb8 $2 {[%emt 0:00:32][%mdl 8192] [#]} (39... Kb8 $1 $14) 40. Qf4 $2 (40. Bxd5 $1 $18 {[%cal Oe3f3] aiming for Qf3!} Rxh5+ 41. Kg1 cxd5 (41... Nxd5 $2 {too greedy.} 42. Qf3 $18) 42. Ra7+ Qxa7 43. Nb5+ Kb7 44. Nxa7 Rg5+ 45. Kf2 Kxa7 46. c6+ Ka6 47. c7) 40... Qg8 $11 41. Qf7 Qxf7 42. Ra7+ Kd8 43. Ra8+ Kc7 44. Ra7+ Kd8 45. Ra8+ Kc7 1/2-1/2

[Event "CIS Master Groups 2024"]
[Site "Vasto"]
[Date "2024.04.10"]
[Round "4.23"]
[White "Davi, Alessandro"]
[Black "Bertagnolli, Alexander"]
[Result "0-1"]
[ECO "D04"]
[WhiteElo "2210"]
[BlackElo "2333"]
[Annotator "TA"]
[PlyCount "68"]
[EventDate "2024.04.07"]
[EventType "team-tourn"]
[EventCountry "ITA"]
[SourceTitle "playchess.com"]
[Source "ChessBase"]
[SourceQuality "1"]
[TimeControl "40/5400+30:900+30"]

1. d4 Nf6 2. Nf3 c5 3. e3 d5 4. Nbd2 Nbd7 5. b3 g6 6. Bb2 Bg7 7. Be2 O-O 8. O-O {[%emt 0:00:16] The position is equal.} b6 9. Ne5 Nxe5 10. dxe5 Nd7 11. f4 Bb7 12. Bf3 Qc7 13. c4 dxc4 14. bxc4 Rfd8 15. Qe2 f6 (15... Bc6 $11 {keeps the balance.}) 16. Ne4 $1 $16 Rac8 17. Rad1 Bxe4 18. Bxe4 {[%emt 0:00:17] exf6 is the strong threat.} e6 {[%emt 0:00:10] Black is weak on the light squares} (18... fxe5 $14 19. Bd5+ Kh8) 19. Rd6 fxe5 20. fxe5 (20. Rxe6 $16 Nf6 21. Bb1 (21. Bxe5 Qf7 $11)) 20... Nxe5 (20... Nf8 $1 $11 {remains equal.}) 21. Rxe6 {[%emt 0:01:47] Hoping for Bd5.} Rf8 (21... Kh8 $16 {might work better.}) 22. Bd5 $18 {[%emt 0:08:22] This pair of bishops is nice.} Kh8 23. Rf4 (23. Rxf8+ $1 $18 Rxf8 24. h4) 23... Rfe8 $16 24. Rxe8+ (24. Rff6 $1 $16 Bxf6 25. Rxf6) 24... Rxe8 $11 25. Qf2 Qe7 26. Re4 Qf6 27. Qg3 h6 28. h4 Kh7 {[%emt 0:00:22] [#]} (28... Qf5 $11) 29. h5 gxh5 30. Rf4 Qg5 31. Qh3 {[%emt 0:00:27] [#]} (31. Be4+ $11 Kg8 32. Bd5+ Kh7 33. Be4+ Kg8 34. Bd5+ Kh8 35. Qf2) 31... Ng4 $1 $17 {[%emt 0:00:54][%cal Og5f4] ( -> ...Qxf4!)} 32. Rf7 {[%emt 0:00:15] [#]} Rxe3 (32... Re7 $1 $17 {[%cal Re7f7] Threatens to win with ...Rxf7.} 33. Rxe7 Qxe7) 33. Rxg7+ ({White has to play} 33. Qh4 $1 $15 Ne5 (33... Qxh4 34. Rxg7+ Kh8 35. Rxg4+) 34. Qxg5 hxg5 35. Rxg7+ Kxg7 36. Kf2) 33... Qxg7 $19 34. Bxg7 (34. Qxe3 $19 Nxe3 (34... Qxb2 35. Qe4+ Kh8 36. Qe8+ Kg7 37. Qf7+ Kh8 38. Qg8#) 35. Bxg7 Kxg7 36. Bf3) 34... Re1# {[%emt 0:00:01] Never resign too early!   Weighted Error Value: White=0.57/Black=0.20 (precise) .  Loses game:     	White=1     	---        Mistake:       	White=6     	Black=6      OK:         	White=6     	Black=10     Best:        	White=1     	Black=3      Strong:       	White=1     	Black=1} 0-1